 Dungeon Crawl Stone Soup version 0.31.0-9-g3a7656b989 (webtiles) character file.

Game seed: 6107174250011963430

3727 Killerpretzel the Mimic (level 10, -8/69 HPs)
             Began as an Octopode Shapeshifter on Feb 6, 2024.
             Was an Initiate of Gozag.
             Mangled by a two-headed ogre
             ... wielding a +0 giant club
              (20 damage)
             ... on level 8 of the Dungeon.
             The game lasted 00:42:44 (9674 turns).

Killerpretzel the Mimic (Octopode Shapeshifter)     Turns: 9674, Time: 00:42:45

Health: -8/69      AC:  1    Str: 13    XL:     10   Next: 14%
Magic:  10/10      EV: 21    Int: 12    God:    Gozag
Gold:   419        SH:  0    Dex: 17    Spells: 9/9 levels left

rFire   + .          .
                       - Unarmed
rCold   . . .        (no shield)
rNeg    . . .        (helmet currently unavailable)
rPois   +            (no amulet)
rElec   .            e - +5 ring of evasion
rCorr   .            i - ring of protection from fire
SInv    .            n - ring of poison resistance
Will    .....        (no ring)
Stlth   +++          (no ring)
HPRegen 0.31/turn    (no ring)
MPRegen 0.12/turn    (no ring)
                     (no ring)

%: no passive effects
@: beast-form
A: beast (slay +4), almost no armour, amphibious, 8 rings, camouflage 1,
gelatinous body 1, (nimble swimmer 1), tentacles
a: Begin Untransformation, Renounce Religion, Potion Petition, Call Merchant,
Bribe Branch


You were on level 8 of the Dungeon.
You worshipped Gozag.
Gozag was aware of your devotion.
You were a hulking beast.
You visited 2 branches of the dungeon, and saw 9 of its levels.

You collected 557 gold pieces.
You paid 138 gold pieces to Gozag.

Inventory:

Hand Weapons
 a - a +0 orcbow
Missiles
 y - 6 boomerangs
 A - 2 javelins (quivered)
Magical Staves
 m - the staff of Death {rPois rC+++ Will+ Dex-5 Alchemy}
   (You found it on level 6 of the Dungeon)

   [staff of alchemy]

   Base accuracy: +5 Base damage: 5 Base attack delay: 1.2 This weapon's minimum
   attack delay (0.6) is reached at skill level 12.
   Dex-5:     It affects your dexterity (-5).
   rC+++:     It renders you almost immune to cold.
   rPois:     It protects you from poison Will+: It increases your willpower.
   Alchemy:   It increases the power of your Alchemy spells.
   It falls into the 'Staves' category.
   It is a one-tentacled weapon.
Jewellery
 e - a +5 ring of evasion (left tentacle)
 i - a ring of protection from fire (right tentacle)
 n - a ring of poison resistance (on tentacle)
Talismans
 b - a beast talisman
 c - a flux talisman
 w - a serpent talisman
Wands
 f - a wand of roots (9)
Scrolls
 d - a scroll of enchant weapon
 h - a scroll of immolation
 j - a scroll of butterflies
 o - a scroll of silence
 r - 2 scrolls of torment
 x - a scroll of identify
Potions
 g - 2 potions of curing
 k - a potion of ambrosia {unknown}
 l - 2 potions of mutation {unknown}
 p - a potion of enlightenment {unknown}
 q - 2 potions of magic {unknown}
 s - 4 potions of cancellation {unknown}
 t - a potion of haste {unknown}
 u - a potion of berserk rage {unknown}
 z - a potion of brilliance {unknown}


   Skills:
 + Level 6.3 Fighting
 + Level 6.7 Dodging
 + Level 7.0 Unarmed Combat
 * Level 8.9 Shapeshifting


You had 9 spell levels left.
You didn't know any spells.
Your spell library contained the following spells:

 Spells                   Type           Power      Damage    Failure   Level
 Lesser Beckoning         Tloc           0%         N/A       45%         2
 Gell's Gravitas          Tloc           0%         N/A       69%         3
 Teleport Other           Tloc           0%         N/A       69%         3
 Tukima's Dance           Hex            0%         N/A       69%         3
 Volatile Blastmotes      Fire/Tloc      0%         2d10      69%         3
 Dimensional Bullseye     Hex/Tloc       0%         N/A       97%         4
 Fulminant Prism          Conj/Alch      0%         3d5       97%         4
 Iskenderun's Mystic Bla  Conj/Tloc      0%         2d3       97%         4
 Dispersal                Tloc           0%         N/A       100%        6


Dungeon Overview and Level Annotations

Branches:
Dungeon (8/15)             Temple (1/1) D:7
   Lair: D:8-11

Altars:
Ashenzari
Cheibriados
Dithmenos
Elyvilon
Fedhas
Gozag
Hepliaklqana
Kikubaaqudgha
Nemelex Xobeh
Okawaru
Qazlal
Ru
Sif Muna
Uskayaw
Wu Jian
Xom
Yredelemnul
Zin
The Shining One

Shops:
D:1 =

Annotations:
D:6 exclusions: 4 doors and kobold demonologist
D:8 exclusion: manticore


Innate Abilities, Weirdness & Mutations

You are a hulking beast.
Your limbs bulge with bestial killing power. (Slay +4)
You cannot wear most types of armour.
You are amphibious.
You can wear up to eight rings at the same time.
Your skin changes colour to match your surroundings (Stealth+).
Your rubbery body absorbs attacks. (AC +1, EV +1)
((You are camouflaged when in or above water. (Stealth+)))
You have tentacles for arms and can constrict up to eight enemies at once.


Message History

You throw a javelin.
The javelin pierces through the two-headed ogre!
The two-headed ogre is moderately wounded.
You throw a javelin.
The javelin pierces through the two-headed ogre.
The two-headed ogre is moderately wounded.
You tentacle-slap the two-headed ogre.
Your squeeze misses the two-headed ogre.
The two-headed ogre is heavily wounded.
The two-headed ogre hits you with a +0 giant club!!
Ouch! That really hurt!
The two-headed ogre barely misses you.
Okay, then.
You are too injured to fight recklessly!
You throw a javelin.
The javelin pierces through the two-headed ogre!
The two-headed ogre is heavily wounded.
The two-headed ogre barely misses you. The two-headed ogre misses you.
There is a stone staircase leading up here.
You tentacle-slap the two-headed ogre.
You squeeze the two-headed ogre, but do no damage.
The two-headed ogre is heavily wounded.
You tentacle-slap the two-headed ogre.
Your squeeze misses the two-headed ogre.
The two-headed ogre is heavily wounded.
The two-headed ogre hits you with a +0 giant club!!
* * * LOW HITPOINT WARNING * * *
The two-headed ogre completely misses you.
You feel much better.
The two-headed ogre hits you with a +0 giant club!!
* * * LOW HITPOINT WARNING * * *
The two-headed ogre barely misses you.
It was a potion of curing.
You feel better.
Okay, then.
You tentacle-slap the two-headed ogre but do no damage.
You tentacle-slap the two-headed ogre!
The two-headed ogre is severely wounded.
The two-headed ogre hits you with a +0 giant club!!
You die...
Your body crumbles into a pile of gold.

### #.. #.# #.#
####.####
#.......#
#.......#
#.##.##.# #######
#...))..# #....h#
#.##.##.# #....O##
#...)...###......#
#..........).....#
#.#.##..###......#
#.......#.....##.#
###.##.##.#..###.#
#.##.##.#..###.#
#.##...........#
#######


You could see a two-headed ogre.

Vanquished Creatures
  Prince Ribbit (D:6)
  A shadow (D:5)
  2 steam dragons
  Edmund (D:5)
  A water moccasin (D:8)
  2 sky beasts (D:7)
  2 orc warriors
  3 ice beasts
  A black bear (D:6)
  4 ogres
  2 centaurs (D:5)
  2 phantoms
  A kobold brigand (D:6)
  2 bullfrogs
  2 scorpions
  7 wights
  2 howler monkeys
  3 hounds
  A bombardier beetle (D:5)
  4 orc priests
  4 iguanas
  A sleepcap (D:5)
  9 orc wizards
  A mummy (D:4)
  A gnoll (D:5)
  3 adders
  A shadow imp (D:7)
  2 white imps (D:5)
  2 ribbon worms
  22 orcs
  4 ball pythons
  2 bats
  2 endoplasms
  3 giant cockroaches
  4 goblins
  2 hobgoblins
  15 jackals
  15 kobolds
  A quokka (D:5)
  A hobgoblin zombie (D:4)
  A kobold zombie (D:4)
  4 rats
144 creatures vanquished.

Notes
Turn   | Place    | Note
-------+----------+-------------------------------------------
     0 | D:1      | Killerpretzel the Octopode Shapeshifter began the quest for
                  | the Orb.
     0 | D:1      | Reached XP level 1. HP: 13/13 MP: 1/1
    16 | D:1      | Found Mifyak's Jewellery Shoppe.
   308 | D:1      | Reached XP level 2. HP: 13/18 MP: 2/2
  1104 | D:2      | Reached XP level 3. HP: 21/23 MP: 3/3
  2100 | D:3      | Found a faded altar of an unknown god.
  2122 | D:3      | Noticed an ogre
  2214 | D:3      | Found an ancient bone altar of Kikubaaqudgha.
  2226 | D:3      | Found a glowing silver altar of Zin.
  2251 | D:3      | Reached XP level 4. HP: 29/29 MP: 4/4
  2455 | D:3      | Found a hide-covered altar of Uskayaw.
  3143 | D:4      | Found a sand-covered staircase.
  3243 | D:4      | Reached skill level 4 in Shapeshifting
  3395 | D:4      | Reached XP level 5. HP: 34/34 MP: 5/5
  3668 | D:4      | Identified the +5 ring mail of Gickiff {Rampage rN+++ Int+4
                  | Slay-2}
  3948 | D:5      | Entered Level 5 of the Dungeon
  3948 | D:5      | Noticed a centaur
  4255 | D:5      | Reached XP level 6. HP: 41/41 MP: 6/6
  4420 | D:5      | Noticed a shadow
  4477 | D:5      | Noticed Edmund
  4552 | D:5      | Found a stormy altar of Qazlal.
  4600 | D:5      | Reached skill level 5 in Shapeshifting
  4777 | D:5      | Reached XP level 7. HP: 26/46 MP: 7/7
  4956 | D:5      | Killed a shadow
  5138 | D:5      | Reached XP level 8. HP: 52/54 MP: 8/8
  5248 | D:5      | Reached skill level 5 in Unarmed Combat
  5248 | D:5      | Reached skill level 6 in Shapeshifting
  5340 | D:5      | Found an ornate altar of the Wu Jian Council.
  5557 | D:5      | Killed Edmund
  6104 | D:6      | Reached skill level 5 in Dodging
  6115 | D:6      | Identified the staff of Death {rPois rC+++ Will+ Dex-5
                  | Alchemy}
  6170 | D:6      | Reached skill level 7 in Shapeshifting
  6237 | D:6      | Reached XP level 9. HP: 52/60 MP: 9/9
  6302 | D:6      | Reached skill level 5 in Fighting
  6426 | D:6      | Noticed a kobold demonologist
  6491 | D:6      | Noticed Prince Ribbit
  6747 | D:6      | Killed Prince Ribbit
  6983 | D:7      | Found a staircase to the Ecumenical Temple.
  7511 | D:7      | Reached skill level 8 in Shapeshifting
  8162 | D:8      | Noticed a manticore
  8519 | Temple   | Entered the Ecumenical Temple
  8541 | Temple   | Became a worshipper of Gozag Ym Sagoz the Greedy
  8614 | D:8      | Reached XP level 10. HP: 63/68 MP: 10/10
  8667 | D:8      | Noticed a two-headed ogre
  9336 | D:7      | Found an iron altar of Okawaru.
  9674 | D:8      | Mangled by a two-headed ogre

Illustrated notes

Levels and vault maps discovered:
D:1:      ncdulo_lavacross, layout_loops_ring, serial_shops, shop, st_stairs_5,
          corner_web_ring, minmay_crystal_water, hangedman_glass_teeth
D:2:      layout_basic
D:3:      layout_basic, grunt_temple_overflow_open, nicolae_uskayaw_suspiria,
          hellmonk_ecumenical_altar_inner_sanctum
D:4:      layout_gridville, nicolae_ossuary_entry_giza
D:5:      layout_loops_ring, lemuel_coloured_pillars_altar,
          nicolae_qazlal_eye_of_the_storm, nicolae_sextant, minmay_starry_boxes,
          uniq_edmund
D:6:      minmay_cornered_nines, layout_basic, uniq_pikel, uniq_prince_ribbit1
D:7:      layout_loops_ring, okawaru_trees_2, minmay_temple_entry_from_below_a
D:8:      layout_loops_cross
Temple:   hellmonk_temple_forest_ring

Skill      XL: |  1  2  3  4  5  6  7  8  9 10 |
---------------+-------------------------------+-----
Fighting       | 2 3 4 6 |  6.3
Shapeshifting  | 4 5 7 8 |  8.9
Dodging        | 3 4 5 6 |  6.7
Unarmed Combat | 4 5 6 7 |  7.0

Action                     |  1- 3 |  4- 6 |  7- 9 | 10-12 || total
---------------------------+-------+-------+-------+-------++-------
  Melee: Unarmed           |    61 |    97 |   186 |    36 ||   380
         Constrict         |    15 |    23 |    26 |     8 ||    72
         Tentacles         |    13 |    20 |    41 |     6 ||    80
         Punch             |     2 |     6 |     7 |     3 ||    18
   Fire: Orcbow            |       |       |   118 |    10 ||   128
  Throw: Stone             |    18 |    19 |       |       ||    37
         Javelin           |       |       |       |    14 ||    14
         Boomerang         |       |       |       |     3 ||     3
    Use: Scroll            |     7 |     6 |     5 |     1 ||    19
         Potion            |       |     1 |     2 |     2 ||     5
   Stab: Sleeping          |     2 |     2 |       |       ||     4
 Armour: Skin              |    11 |    42 |    78 |    15 ||   146
  Dodge: Dodged            |    36 |    88 |   153 |    25 ||   302
